 Dungeon Crawl Stone Soup version 0.17.0-56-gd8de76c (webtiles) character file.

17 dorian the Conjurer (level 2, -14/17 HPs)
             Began as an Octopode Conjurer on Dec 5, 2015.
             Was an Initiate of Vehumet.
             Demolished by an ogre
             ... wielding a +0 giant club
              (31 damage)
             ... on level 4 of the Dungeon.
             The game lasted 00:03:12 (1186 turns).

dorian the Conjurer (Octopode Conjurer)             Turns: 1186, Time: 00:03:13

Health: -14/17     AC:  1    Str:  7    XL:     2   Next: 62%
Magic:  5/5        EV: 12    Int: 17    God:    Vehumet [......]
Gold:   73         SH:  0    Dex: 12    Spells: 1 memorised, 4 levels left

rFire  . . .     SeeInvis .     (no weapon)
rCold  . . .     Clarity  .     (no shield)
rNeg   . . .     SustAt   .     (helmet restricted)
rPois  .         Gourm    .     (no amulet)
rElec  .         Spirit   .     (no ring)
rCorr  .         Warding  .     (no ring)
rMut   .         Stasis   .     (no ring)
MR     .....                    (no ring)
Stlth  +++.......               (no ring)
                                (no ring)
                                (no ring)
                                (no ring)

@: not resistant to hostile enchantments, fairly stealthy
A: almost no armour, amphibious, 8 rings, constrict 8, camouflage 1, gelatinous
body 1
a: Renounce Religion


You were on level 4 of the Dungeon.
You worshipped Vehumet.
Vehumet was noncommittal.
You were hungry.

You visited 2 branches of the dungeon, and saw 4 of its levels.

You collected 73 gold pieces.

Inventory:

Scrolls
 c - 2 scrolls of amnesia {unknown}
 f - 2 scrolls of remove curse {unknown}
 h - a scroll of enchant armour {unknown}
Potions
 d - a potion of cancellation {unknown}
 e - a potion of agility {unknown}
Books
 a - a book of Conjurations

   Spells                             Type                      Level
   a - Magic Dart                     Conjuration                  1
   b - Searing Ray                    Conjuration                  2
   c - Dazzling Spray                 Conjuration/Hexes            3
   d - Fulminant Prism                Conjuration/Hexes            4
   e - Iskenderun's Mystic Blast      Conjuration                  4
   f - Iskenderun's Battlesphere      Conjuration/Charms           5
Comestibles
 b - 3 bread rations
 i - 3 fruits


   Skills:
 - Level 2.0 Dodging
 - Level 2.6 Stealth
 + Level 2.3 Spellcasting
 * Level 4.4 Conjurations


You had 4 spell levels left.
You knew the following spells:

 Your Spells              Type           Power        Failure   Level  Hunger
a - Magic Dart            Conj           ###.         2%          1    #......


Dungeon Overview and Level Annotations

Branches:
Dungeon (4/15)             Temple (1/1) D:4

Altars:
Dithmenos
Elyvilon
Nemelex Xobeh
Okawaru
Ru
Sif Muna
Trog
Vehumet
Xom
Zin

Annotations:
D:4 gorblad's ghost, amateur DsFi


Innate Abilities, Weirdness & Mutations

You cannot wear most types of armour.
You are amphibious.
You can wear up to eight rings at the same time.
You can use your tentacles to constrict eight enemies at once.
Your skin changes colour to match your surroundings (Stealth).
Your rubbery body absorbs attacks (AC +1).


Message History

Aim: an adder skeleton The magic dart hits the adder skeleton.
You destroy the adder skeleton!
Vehumet accepts your kill.
Casting: Magic Dart
Confirm with . or Enter, or press ? or * to list all spells.
You can't see any susceptible monsters within range! (Use Z to cast anyway.)
You start resting.
HP restored.
You start resting.
Magic restored.
Found 23 stones.
You see here 23 stones.
Found a stone staircase leading down.
An ogre comes into view. It is wielding a giant club.
The ogre shouts!
The ogre moves out of view.
You see here a meat ration.
The ogre hits you with a giant club!!
Ouch! That really hurt!
You die...

##############
#.O..........#
#@######.....#####
#.##...#..........
#.##..>...#.)###..
#.##.........##...
#.###.......####..
#..........># ##.
#####.......# #.
###...### #.
##...### #+


You could see an ogre.

Vanquished Creatures
  An adder skeleton (D:4)
  A giant gecko (D:1)
  4 goblins (D:1)
  A hobgoblin (D:1)
  2 bats (D:1)
  2 kobolds (D:1)
  3 rats (D:1)
14 creatures vanquished.

Notes
Turn   | Place    | Note
--------------------------------------------------------------
     0 | D:1      | dorian the Octopode Conjurer began the quest for the Orb.
     0 | D:1      | Reached XP level 1. HP: 11/11 MP: 3/3
   482 | D:1      | Reached XP level 2. HP: 15/17 MP: 3/5
   738 | D:2      | You fall through a shaft for 2 floors!
   763 | D:4      | Noticed gorblad's ghost (amateur DsFi)
   871 | D:4      | Found a staircase to the Ecumenical Temple.
   880 | Temple   | Entered the Ecumenical Temple
  1039 | Temple   | Became a worshipper of Vehumet
  1148 | D:4      | Noticed an ogre
  1186 | D:4      | Demolished by an ogre

Action                   || total
-------------------------++-------
Melee: Unarmed           ||    24
 Cast: Magic Dart        ||    16
